 Dungeon Crawl Stone Soup version 0.30-a0-1053-gbd8d5ba0ad (webtiles) character file.

Game seed: 7969767421999244181

308 bmack86 the Chopper (level 6, 0/55 HPs)
             Began as a Minotaur Fighter on Apr 11, 2023.
             Slain by an orc wizard
             ... wielding a +0 dagger
              (1 damage)
             ... on level 4 of the Dungeon.
             The game lasted 00:06:51 (2390 turns).

bmack86 the Chopper (Minotaur Fighter)              Turns: 2390, Time: 00:06:52

Health: 0/55       AC: 12    Str: 22    XL:     6   Next: 17%
Magic:  5/5        EV:  9    Int:  5    God:
Gold:   164        SH:  0    Dex: 10    Spells: 5/5 levels left

rFire   . . .      SeeInvis .    a - +0 war axe
rCold   . . .      Faith    .    c - +0 buckler
rNeg    . . .      Spirit   .    b - +0 scale mail
rPois   .          Reflect  .    (helmet restricted)
rElec   .          Rampage  .    o - +1 cloak
rCorr   .                        k - +0 pair of gloves
Will    .....                    g - +1 pair of boots Stlth
                                 r - amulet of regeneration
HPRegen 1.09/turn                (no ring)
MPRegen 0.09/turn                (no ring)

@: confused, mighty
A: horns 2, retaliatory headbutt
a: no special abilities


You were on level 4 of the Dungeon.
You visited 1 branch of the dungeon, and saw 4 of its levels.

You collected 164 gold pieces.

Inventory:

Hand Weapons
 a - a +0 war axe (weapon)
 j - a +3 hand axe
Missiles
 h - 2 curare-tipped darts
 i - 5 boomerangs (quivered)
 n - 9 poisoned darts
Armour
 b - a +0 scale mail (worn)
 c - a +0 buckler (worn)
 g - a +1 pair of boots (worn)
 k - a +0 pair of gloves (worn)
 o - a +1 cloak (worn)
Jewellery
 r - an amulet of regeneration (around neck)
 u - an amulet of magic regeneration
Scrolls
 f - a scroll of teleportation
Potions
 l - 2 potions of mutation
 p - a potion of degeneration {unknown}
 q - a potion of lignification {unknown}
 s - 2 potions of brilliance
 t - a potion of curing


   Skills:
 + Level 4.8 Fighting
 * Level 5.0 Axes
 + Level 2.1 Throwing
 + Level 4.6 Armour
 + Level 4.7 Shields


You had 5 spell levels left.
You didn't know any spells.
Your spell library contained the following spells:

 Spells                   Type           Power      Damage    Failure   Level
 Apportation              Tloc           0%         N/A       86%         1
 Magic Dart               Conj           0%         1d3       86%         1
 Necrotise                Necr           0%         1d4       86%         1
 Summon Small Mammal      Summ           0%         N/A       86%         1
 Ensorcelled Hibernation  Hex/Ice        0%         N/A       95%         2
 Searing Ray              Conj           0%         2d4       95%         2
 Spider Form              Tmut/Pois      0%         N/A       99%         3
 Anguish                  Hex/Necr       0%         N/A       100%        4
 Fulminant Prism          Conj/Hex       0%         3d5       100%        4


Dungeon Overview and Level Annotations

Branches:
Dungeon (4/15)
 Temple: D:4-7

Altars:

Shops:
D:1 =

Annotations:
D:3 2 runed translucent doors, Newt's ghost, amateur DsGl


Innate Abilities, Weirdness & Mutations

You have a pair of horns on your head.
You reflexively headbutt those who attack you in melee.


Message History

You hear some strange, mumbled words.
A puff of flame appears from out of thin air!
The puff of flame hits you but does no damage.
Something hits you.
You hear some strange, mumbled words.
A puff of flame appears from out of thin air!
The puff of flame hits you!
* * * LOW HITPOINT WARNING * * *
Something hits you.
* * * LOW HITPOINT WARNING * * *
Unknown command.
You barely miss something. Your headbutt misses something.
You completely miss something.
Something hits you but does no damage. x2
You hear some strange, mumbled words.
Something tries to affect you, but you resist.
Unknown command.
Something hits you but does no damage. x2
Unknown command.
Something hits you but does no damage.
A magic dart appears from out of thin air!
The magic dart hits you but does no damage.
Unknown command.
A magic dart appears from out of thin air!
The magic dart hits you.
* * * LOW HITPOINT WARNING * * *
Unknown command.
Something hits you but does no damage. x3
Unknown command.
Something hits you but does no damage.
You hear some strange, mumbled words.
A puff of flame appears from out of thin air!
The puff of flame hits you.
* * * LOW HITPOINT WARNING * * *
Unknown command.
You hear some strange, mumbled words.
A puff of flame appears from out of thin air!
The puff of flame hits you!
* * * LOW HITPOINT WARNING * * *
Something hits you.
You die...

### #.# #<# #.# #.#
########### #.# ###
#......@..##### #.#
..########.....{{))....#
#.#
.........'.............###
#.#
.>)....###........†.......
..w
#.).##.###........).......
...
.)#..#...#................
.[.
..##.###.########.#.......
...#...#.# #.#.......
.........# #.#.......


There were no monsters in sight!

Vanquished Creatures
  A kobold brigand (D:3)
  A scorpion (D:3)
  An orc wizard (D:4)
  6 adders
  A worm (D:4)
  2 dart slugs
  4 orcs
  6 endoplasms
  3 giant cockroaches (D:1)
  8 goblins
  7 hobgoblins
  3 jackals (D:1)
  3 quokkas
  6 ball pythons
  5 bats
  5 frilled lizards
  15 kobolds
  3 rats (D:1)
80 creatures vanquished.

Vanquished Creatures (others)
  An orc wizard (D:4)
1 creature vanquished.

Grand Total: 81 creatures vanquished

Notes
Turn   | Place    | Note
-------+----------+-------------------------------------------
     0 | D:1      | bmack86 the Minotaur Fighter began the quest for the Orb.
     0 | D:1      | Reached XP level 1. HP: 19/19 MP: 0/0
    89 | D:1      | Found a faded altar of an unknown god.
   184 | D:1      | Reached XP level 2. HP: 27/27 MP: 1/1
   349 | D:1      | Reached skill level 3 in Axes
   364 | D:1      | Found Jiliq's Jewellery Shop.
   793 | D:2      | Reached XP level 3. HP: 33/33 MP: 2/2
   876 | D:2      | Reached skill level 1 in Throwing
  1521 | D:3      | Reached XP level 4. HP: 40/40 MP: 3/3
  1591 | D:3      | Found a large runed translucent door.
  1591 | D:3      | Found a large runed translucent door.
  1593 | D:3      | Noticed Newt's ghost (amateur DsGl)
  1775 | D:3      | Noticed a kobold brigand
  1793 | D:3      | Killed a kobold brigand
  1794 | D:3      | Reached skill level 4 in Axes
  1794 | D:3      | Reached XP level 5. HP: 7/47 MP: 4/4
  2340 | D:4      | Reached XP level 6. HP: 54/55 MP: 5/5
  2368 | D:4      | Reached skill level 5 in Axes
  2390 | D:4      | HP: 1/55 [something/puff of flame (8)]
  2390 | D:4      | Slain by an orc wizard

Illustrated notes

Levels and vault maps discovered:
D:1:      eino_arrival_druids_welcome, layout_basic, serial_shops,
          nicolae_shop_hallway_plus, shapermc_ecumenical_altar_mp_urbaneastern
D:2:      cheibrodos_helix_gallery, layout_loops_cross
D:3:      cheibrodos_thug_alley, layout_basic, ebering_ghost_disaster_area
D:4:      layout_basic, minitemple

Skill      XL: |  1  2  3  4  5  6 |
---------------+-------------------+-----
Axes           | 3 4 5 |  5.0
Fighting       | 4 |  4.8
Shields        | 4 |  4.7
Throwing       | 1 2 |  2.1
Armour         | 4 |  4.6

Action                     |  1- 3 |  4- 6 || total
---------------------------+-------+-------++-------
  Melee: War axe           |    55 |    84 ||   139
         Headbutt          |     8 |     6 ||    14
         Hand axe          |     7 |       ||     7
  Throw: Boomerang         |     8 |     8 ||    16
    Use: Scroll            |     2 |     4 ||     6
         Potion            |       |     4 ||     4
 Armour: Scale mail        |    40 |   123 ||   163
  Dodge: Dodged            |    33 |    57 ||    90
  Block: Buckler           |    22 |    10 ||    32

Table legend: (Time is in decaauts)
 A = Elapsed time spent in this place.
 B = Non-inter-level travel time spent in this place.
 C = Inter-level travel time spent in this place.
 D = Time resting spent in this place.
 E = Time spent auto-exploring this place.
 F = Levels seen in this place.
 G = Mean time per level.
                   A        B        C        D        E       F      G
               +--------+--------+--------+--------+--------+-----+--------+
         Total |   2465 |   2418 |     47 |     21 |   1605 |   4 |  616.2 |
       Dungeon |   2465 |   2418 |     47 |     21 |   1605 |   4 |  616.2 |
               +--------+--------+--------+--------+--------+-----+--------+

Top non-repeatable levels by time:
     D:3: 905 daAuts
     D:1: 784 daAuts
     D:2: 629 daAuts
     D:4: 147 daAuts
